 Dungeon Sprint DCSS version 0.30-a0-881-g1ff12e1e11 (webtiles) character file.

Game seed: 5504335817818350052

15 PLAYERX the Ducker (level 2, -3/21 HPs)
             Began as a Gnoll Wanderer on Mar 14, 2023.
             Killed by nerve-wracking pain
             ... invoked by a shadow imp
              (10 damage)
             ... in the Dungeon (Sprint IX: "|||||||||||||||||||||||||||||").
             The game lasted 00:01:09 (46 turns).

PLAYERX the Ducker (Gnoll Wanderer)                   Turns: 46, Time: 00:01:12

Health: -3/21      AC:  3    Str:  8    XL:     2   Next: 50%
Magic:  6/6        EV: 14    Int: 13    God:
Gold:   0          SH:  0    Dex: 12    Spells: 7/7 levels left

rFire   . . .      SeeInvis .    a - +2 sling
rCold   . . .      Faith    .    (no shield)
rNeg    . . .      Spirit   .    d - +0 robe
rPois   .          Reflect  .    (no helmet)
rElec   .          Rampage  .    b - +0 cloak
rCorr   .          NoTele   +    (no gloves)
Will    .....                    (no boots)
Stlth   ++                       (no amulet)
HPRegen 0.23/turn                (no ring)
MPRegen 0.10/turn                (no ring)

@: no status effects
A: fangs 1, strong nose, distributed training
a: no special abilities


You were in the Dungeon.
You visited 1 branch

Inventory:

Hand Weapons
 a - a +2 sling (weapon)
Armour
 b - a +0 cloak (worn)
 d - a +0 robe (worn)
Scrolls
 c - a scroll of fear
 j - a scroll of blinking
Potions
 f - a potion of heal wounds
 g - a potion of haste
 h - 2 potions of magic
 i - a potion of berserk rage


   Skills:
 + Level 1.4 Fighting
 + Level 1.4 Short Blades
 + Level 1.4 Long Blades
 + Level 1.4 Axes
 + Level 1.4 Maces & Flails
 + Level 1.4 Polearms
 + Level 1.4 Staves
 + Level 6.7 Ranged Weapons
 + Level 1.4 Throwing
 + Level 1.4 Armour
 + Level 6.7 Dodging
 + Level 1.4 Stealth
 + Level 1.4 Shields
 + Level 1.4 Unarmed Combat
 + Level 3.1 Spellcasting
 + Level 1.1 Conjurations
 + Level 1.1 Hexes
 + Level 1.1 Summonings
 + Level 3.9 Necromancy
 + Level 1.1 Translocations
 + Level 1.1 Transmutations
 + Level 1.1 Fire Magic
 + Level 1.1 Ice Magic
 + Level 1.1 Air Magic
 + Level 1.1 Earth Magic
 + Level 1.1 Poison Magic
 + Level 3.0 Invocations
 + Level 1.4 Evocations


You had 7 spell levels left.
You didn't know any spells.
Your spell library contained the following spells:

 Spells                   Type           Power      Damage    Failure   Level
 Sublimation of Blood     Necr           12%        N/A       7%          2
 Cigotuvi's Dreadful Rot  Necr/Pois/Air  14%        N/A       14%         2


Dungeon Overview and Level Annotations

Branches:
Dungeon (1/1)

Altars:


Innate Abilities, Weirdness & Mutations

You have very sharp teeth.
Your uncanny sense of smell can sniff out nearby items.
Your experience applies equally to all skills.


Message History

The shadow imp is severely wounded.
The shadow imp hits you but does no damage.
You shoot a sling bullet. The sling bullet hits the shadow imp.
The shadow imp is almost dead.
The shadow imp closely misses you.
You shoot a sling bullet.
The sling bullet completely misses the shadow imp.
The sling bullet misses the ufetubus.
The sling bullet completely misses the iguana.
The sling bullet closely misses the orc.
The shadow imp hits you.
You shoot a sling bullet.
The sling bullet barely misses the shadow imp.
The sling bullet hits the ufetubus.
The ufetubus is almost dead.
The shadow imp gestures at you. Pain shoots through your body!
Ouch! That really hurt!
You shoot a sling bullet. The sling bullet hits the shadow imp.
The shadow imp is almost dead.
The shadow imp closely misses you.
You shoot a sling bullet.
The sling bullet closely misses the shadow imp.
The sling bullet hits the ufetubus but does no damage.
The ufetubus is almost dead.
The shadow imp gestures at you.
You barely resist. You shoot a sling bullet.
The sling bullet closely misses the shadow imp.
The sling bullet closely misses the ufetubus.
The sling bullet hits the iguana!
The iguana is severely wounded.
The shadow imp barely misses you.
You shoot a sling bullet.
The sling bullet closely misses the shadow imp.
The sling bullet hits the ufetubus.
You kill the ufetubus!
The shadow imp gestures at you. Pain shoots through your body!
You die...

▓▓▓▓▓▓▓▓▓▓▓▓▓▓▓▓▓▓
▓<...†....@5.lo..+
▓▓▓▓▓▓▓▓▓▓▓▓▓▓▓▓▓▓
∆∆∆∆∆∆∆∆∆


You could see an iguana, a shadow imp and an orc.

Vanquished Creatures
  An adder (D)
  An ufetubus (D)
  A ball python (D)
  An endoplasm (D)
  A hobgoblin (D)
  A frilled lizard (D)
  A rat (D)
7 creatures vanquished.

Notes
Turn   | Place    | Note
-------+----------+-------------------------------------------
     0 | D        | PLAYERX the Gnoll Wanderer began the quest for the Orb.
     0 | D        | PLAYERX set off with the following items: a +2 sling, a +0
                  | cloak, a scroll of fear, a +0 robe, a potion of curing, a
                  | potion of heal wounds, a potion of haste, 2 potions of
                  | magic, a potion of berserk rage, a scroll of blinking; and
                  | the following spells available to memorise: Sublimation of
                  | Blood, Cigotuvi's Dreadful Rot.
     0 | D        | Reached XP level 1. HP: 13/13 MP: 4/4
    12 | D        | Reached skill level 1 in Fighting
    12 | D        | Reached skill level 1 in Short Blades
    12 | D        | Reached skill level 1 in Long Blades
    12 | D        | Reached skill level 1 in Axes
    12 | D        | Reached skill level 1 in Maces & Flails
    12 | D        | Reached skill level 1 in Polearms
    12 | D        | Reached skill level 1 in Staves
    12 | D        | Reached skill level 1 in Throwing
    12 | D        | Reached skill level 1 in Armour
    12 | D        | Reached skill level 1 in Stealth
    12 | D        | Reached skill level 1 in Shields
    12 | D        | Reached skill level 1 in Unarmed Combat
    12 | D        | Reached skill level 1 in Evocations
    29 | D        | Noticed an iguana
    35 | D        | Reached skill level 1 in Conjurations
    35 | D        | Reached skill level 1 in Hexes
    35 | D        | Reached skill level 1 in Summonings
    35 | D        | Reached skill level 1 in Translocations
    35 | D        | Reached skill level 1 in Transmutations
    35 | D        | Reached skill level 1 in Fire Magic
    35 | D        | Reached skill level 1 in Ice Magic
    35 | D        | Reached skill level 1 in Air Magic
    35 | D        | Reached skill level 1 in Earth Magic
    35 | D        | Reached skill level 1 in Poison Magic
    35 | D        | Reached XP level 2. HP: 15/21 MP: 6/6
    46 | D        | Killed from afar by a shadow imp

Illustrated notes

Levels and vault maps discovered:
D:        linesprint [early_d, line_temple, items_1, d_10, items_2, lair_1,
          lair_end, items_3, orc_1, orc_end, items_4, d_15, swamp_1, shoals_1,
          snake_1, spider_1, d_20, vaults_1, items_5, swamp_end, shoals_end,
          snake_end, spider_end, vaults_end, d_27, items_6, zot_1, zot_end,
          crypt_end, forest_end, elf_end, slime_end, tomb_end, abyss_end,
          pan_hell_end]

Skill      XL: |  1 |
---------------+----+-----
Fighting       | 1 |  1.4
Short Blades   | 1 |  1.4
Long Blades    | 1 |  1.4
Axes           | 1 |  1.4
Maces & Flails | 1 |  1.4
Polearms       | 1 |  1.4
Staves         | 1 |  1.4
Throwing       | 1 |  1.4
Armour         | 1 |  1.4
Stealth        | 1 |  1.4
Shields        | 1 |  1.4
Unarmed Combat | 1 |  1.4
Evocations     | 1 |  1.4
Spellcasting   | 3 |  3.1
Conjurations   | 1 |  1.1
Hexes          | 1 |  1.1
Summonings     | 1 |  1.1
Translocations | 1 |  1.1
Transmutations | 1 |  1.1
Fire Magic     | 1 |  1.1
Ice Magic      | 1 |  1.1
Air Magic      | 1 |  1.1
Earth Magic    | 1 |  1.1
Poison Magic   | 1 |  1.1
Invocations    | 3 |  3.0
Ranged Weapons | |  6.7
Dodging        | |  6.7
Necromancy     | |  3.9

Action                     || total
---------------------------++-------
   Fire: Sling             ||    24
    Use: Potion            ||     1
 Armour: Robe              ||     4
  Dodge: Dodged            ||    10

Table legend: (Time is in decaauts)
 A = Elapsed time spent in this place.
 B = Non-inter-level travel time spent in this place.
 C = Inter-level travel time spent in this place.
 D = Time resting spent in this place.
 E = Time spent auto-exploring this place.
 F = Levels seen in this place.
 G = Mean time per level.
                   A        B        C        D        E       F      G
               +--------+--------+--------+--------+--------+-----+--------+
         Total |     47 |     47 |      0 |     11 |      3 |   1 |   47.0 |
       Dungeon |     47 |     47 |      0 |     11 |      3 |   1 |   47.0 |
               +--------+--------+--------+--------+--------+-----+--------+

Top non-repeatable levels by time:
       D: 47 daAuts
